 Seeded DCSS version 0.30-a0-457-g4b7bca3bfa (webtiles) character file.

Game seed: 9653979536821995196 (custom seed)

14261 purpskrrrp the Basher (level 11, -17/90 (92) HPs)
             Began as a Troll Warper on Dec 14, 2022.
             Was a Believer of Wu Jian.
             Engulfed by a cloud of flame (33 damage)
             ... on level 10 of the Dungeon.
             The game lasted 00:24:07 (9907 turns).

purpskrrrp the Basher (Troll Warper)                Turns: 9907, Time: 00:24:08

HP:   -17/90 (92)   AC: 13    Str: 25    XL:     11   Next: 86%
MP:   3/19          EV: 14    Int: 19    God:    Wu Jian [**....]
Gold: 633           SH:  5    Dex: 13    Spells: 16/22 levels left

rFire   x . .      SeeInvis .    o - +9 giant spiked club of Eternal War {drain, Int+4}
rCold   . . .      Faith    .    (shield currently unavailable)
rNeg    + . .      Spirit   .    n - +2 steam dragon scales
rPois   +          Reflect  +    J - +1 hat
rElec   +          Harm     .    K - -2 cloak "Zipn" {+Inv rN+ Int+4}
rCorr   .          Rampage  .    (gloves unavailable)
Will    .....                    (boots unavailable)
Stlth   ++........               H - amulet "Wiroywk" {Reflect Drain rElec rPois Int+2 SH+5}
HPRegen 1.15/turn                g - ring of Giluro {rPois rF- AC+4 Dex+4 Stlth+}
MPRegen 0.16/turn                p - +4 ring of evasion

@: spiked, on blink cooldown, lightly drained
A: large, unfitting armour, claws 3, regeneration 1, shaggy fur 1, tough skin 1
a: Renounce Religion, Evoke Invisibility, Wall Jump


You were on level 10 of the Dungeon.
You worshipped Wu Jian.
Wu Jian was pleased with you.
You visited 2 branches of the dungeon, and saw 11 of its levels.

You collected 1531 gold pieces.
You spent 898 gold pieces at shops.

Inventory:

Hand Weapons
 o - the +9 giant spiked club of Eternal War (weapon) {drain, Int+4}
   (You acquired it on level 1 of the Dungeon)

   A truly terrible weapon, it drains the life of any living foe it strikes.
   Int:       It affects your intelligence (+4).
Missiles
 c - 3 boomerangs of dispersal
 s - 2 throwing nets
Armour
 a - a +0 robe
 n - +2 steam dragon scales (worn)
 J - a +1 hat (worn)
 K - the -2 cloak "Zipn" (worn) {+Inv rN+ Int+4}
   (You bought it in a shop on level 6 of the Dungeon)

   Int:       It affects your intelligence (+4).
   rN:        It protects you from negative energy.
   +Inv:      It lets you turn invisible.
 L - a +2 robe
 M - +0 steam dragon scales
Jewellery
 f - a ring of resist corrosion
 g - the ring of Giluro (left claw) {rPois rF- AC+4 Dex+4 Stlth+}
   (You acquired it on level 2 of the Dungeon)

   [ring of protection]

   AC:        It affects your AC (+4).
   Dex:       It affects your dexterity (+4).
   rF:        It makes you vulnerable to fire.
   rPois:     It protects you from poison.
   Stlth:     It makes you more stealthy.
 i - a ring of fire
 m - a ring of fire
 p - a +4 ring of evasion (right claw)
 B - an amulet of regeneration
 G - a +6 ring of dexterity
 H - the amulet "Wiroywk" (around neck) {Reflect Drain rElec rPois Int+2 SH+5}
   (You bought it in a shop on level 7 of the Dungeon)

   [amulet of reflection]

   It reflects blocked missile attacks.
   Int:       It affects your intelligence (+2).
   rElec:     It insulates you from electricity.
   rPois:     It protects you from poison.
   Drain:     It drains your maximum health when unequipped.
   SH:        It affects your SH (+5).
 O - a +4 ring of evasion
Wands
 v - a wand of iceblast (2)
 I - a wand of charming (7)
Scrolls
 b - a scroll of poison
 d - 3 scrolls of teleportation
 e - 2 scrolls of noise
 j - a scroll of enchant weapon
 u - 2 scrolls of magic mapping
 w - 3 scrolls of amnesia
 x - 2 scrolls of vulnerability
 D - a scroll of torment {unknown}
Potions
 h - 3 potions of degeneration
 k - 4 potions of curing
 l - a potion of might {unknown}
 q - a potion of cancellation {unknown}
 r - a potion of resistance {unknown}
 t - a potion of mutation {unknown}
 z - 2 potions of flight {unknown}
 A - 3 potions of haste
 C - 3 potions of attraction {unknown}
 E - 2 potions of lignification
 F - 2 potions of magic {unknown}


   Skills:
 - Level 1.5 Fighting
 * Level 12.3 Maces & Flails
 - Level 0.8 Throwing
 - Level 1.9 Dodging
 - Level 3.1 Unarmed Combat
 + Level 6.3 Spellcasting
 + Level 7.9 Translocations


You had 16 spell levels left.
You knew the following spells:

 Your Spells              Type           Power      Damage    Failure   Level
a - Blink                 Tloc           72%        N/A       1%          2
b - Manifold Assault      Tloc           36%        N/A       4%          4

Your spell library contained the following spells:

 Spells                   Type           Power      Damage    Failure   Level
 Lesser Beckoning         Tloc           72%        N/A       1%          3
 Teleport Other           Tloc           36%        N/A       1%          3
 Passage of Golubria      Tloc           36%        N/A       4%          4
 Portal Projectile        Hex/Tloc       42%        N/A       6%          3
 Vhi's Electric Charge    Tloc/Air       42%        N/A       6%          3
 Sandblast                Erth           12%        2d6       11%         1
 Kindle Blastsparks       Fire/Tloc/Air  32%        2d12      11%         3
 Ensorcelled Hibernation  Hex/Ice        12%        N/A       16%         2
 Passwall                 Tmut/Erth      5%         N/A       16%         2
 Call Canine Familiar     Summ           6%         N/A       32%         3
 Hailstorm                Conj/Ice       6%         3d4       32%         3
 Inner Flame              Hex/Fire       6%         N/A       32%         3
 Ozocubu's Armour         Ice            6%         N/A       32%         3
 Spider Form              Tmut/Pois      6%         N/A       32%         3
 Stone Arrow              Conj/Erth      12%        3d7       32%         3
 Tukima's Dance           Hex            6%         N/A       32%         3
 Anguish                  Hex/Necr       3%         N/A       71%         4
 Flame Wave               Conj/Fire      6%         2d5       71%         4
 Ice Form                 Ice/Tmut       6%         N/A       71%         4
 Sticky Flame             Conj/Fire      6%         2d3       71%         4
 Blade Hands              Tmut           3%         N/A       96%         5
 Metabolic Englaciation   Hex/Ice        3%         N/A       96%         5
 Yara's Violent Unravell  Hex/Tmut       3%         3d4       96%         5
 Simulacrum               Ice/Necr       3%         N/A       100%        6
 Enfeeble                 Hex            3%         N/A       100%        7
 Ignition                 Fire           3%         3d4       100%        8


Dungeon Overview and Level Annotations

Branches:
Dungeon (10/15)            Temple (1/1) D:6            Lair (0/5) D:8
    Orc: D:9-12

Altars:
Ashenzari
Cheibriados
Dithmenos
Elyvilon
Fedhas
Gozag
Hepliaklqana
Kikubaaqudgha
Makhleb
Nemelex Xobeh
Okawaru
Qazlal
Ru
Sif Muna
Trog
Uskayaw
Vehumet
Wu Jian
Xom
Yredelemnul
Zin
The Shining One

Shops:
D:3 *   D:6 [   D:7 =   D:9 **[(:

Annotations:
D:5 2 runed translucent doors, ryw's ghost, weakling GnDe
D:9 exclusion: ice statue


Innate Abilities, Weirdness & Mutations

You are too large for most types of armour.
You have claws for hands.
Your natural rate of healing is unusually fast.
You are covered in fur. (AC +1)
You have tough skin. (AC +1)


Message History

You block the sun demon's attack.
The red devil hits you from afar with a +2 demon trident of draining!
Barbed spikes become lodged in your body.
You partially resist.
You feel drained.
Aiming: Iceblast
Press: ? - help, Shift-Dir - straight line, f/p - obsidian statue
Aim: an obsidian statue (flame, severely damaged, mesmerising)
The mass of ice explodes!
The iceblast engulfs the obsidian statue.
The obsidian statue partially resists.
The obsidian statue is severely damaged.
The obsidian statue is engulfed in blazing flames.
The obsidian statue's eyes glow briefly.
You block the sun demon's attack.
The red devil hits you but does no damage.
You partially resist.
Aiming: Iceblast
Press: ? - help, Shift-Dir - straight line, p - obsidian statue The mass of ice explodes!
The iceblast engulfs the obsidian statue.
The obsidian statue partially resists.
The obsidian statue is almost destroyed.
The red devil disappears in a puff of smoke!
The sun demon hits you.
You are engulfed in flames!!
The fire burns you terribly!
The crimson imp blinks!
Casting: Manifold Assault (dangerous; 4% risk of failure)
Confirm with . or Enter, or press ? or * to list all spells.
You blink.
You are engulfed in blazing flames.
* * * LOW HITPOINT WARNING * * *
The obsidian statue is engulfed in blazing flames.
You puncture the obsidian statue!
You break out of your daze!
You destroy the obsidian statue!
The Council accepts your kill.
The rust devil disappears in a puff of smoke!
The sun demon disappears in a puff of smoke!
The rust devil disappears in a puff of smoke!
The crimson imp disappears in a puff of smoke!
You are engulfed in blazing flames.
You die...

##....##.##).#..<...
##..####..........#..
##...####........)#...
###......##.............
#...................#...
#.....§.................
#...☼§○§...............>
#....§§§............####
#.).§.§@............#
#.....§☼............#
#..............
#..............
#...........#.#
#.............#
#............##
######.......#


There were no monsters in sight!

Vanquished Creatures
  A hydra (D:8)
  3 centaur warriors (D:8)
  Erica (D:9)
  A tengu warrior (D:8)
  4 two-headed ogres
  An obsidian statue (D:10)
  A gargoyle (D:8)
  Maggie (D:9)
  A kobold demonologist (D:10)
  6 ice devils (D:9)
  A hornet (D:10)
  A shadow (D:8)
  2 wraiths
  4 yaks (D:8)
  A wyvern (D:7)
  A steam dragon (D:8)
  3 water moccasins
  Duvessa (D:7)
  3 orc warriors
  3 black bears
  3 ice beasts
  A sky beast (D:6)
  3 centaurs
  2 ogres
  6 kobold brigands
  A necrophage (D:5)
  3 bullfrogs
  2 scorpions (D:5)
  3 wights (D:8)
  Dowan (D:7)
  13 killer bees
  7 howler monkeys
  5 hounds
  4 orc priests
  2 gnoll boudas
  A jelly (D:4)
  2 iguanas (D:4)
  Ijyb (D:3)
  11 orc wizards
  13 gnolls
  8 adders
  A shadow imp (D:5)
  A white imp (D:7)
  6 ufetubi (D:9)
  2 dart slugs
  28 orcs
  10 ball pythons
  10 bats
  8 endoplasms
  8 giant cockroaches
  15 goblins
  5 hobgoblins
  6 jackals
  5 quokkas
  3 frilled lizards
  28 kobolds
  3 rats (D:3)
271 creatures vanquished.

Vanquished Creatures (others)
  An unseen horror (D:8)
  A kobold brigand (D:7)
  3 fungi (D:5)
5 creatures vanquished.

Grand Total: 276 creatures vanquished

Notes
Turn   | Place    | Note
-------+----------+-------------------------------------------
     0 | D:1      | purpskrrrp the Troll Warper began the quest for the Orb.
     0 | D:1      | Reached XP level 1. HP: 19/19 MP: 1/1
   151 | D:1      | You fall into a shaft and drop 1 floor!
   216 | D:2      | Identified a scroll of acquirement
   216 | D:2      | Acquired the ring of Giluro {rPois rF- AC+4 Dex+4 Stlth+}
   251 | D:2      | Reached XP level 2. HP: 27/27 MP: 3/3
   425 | D:1      | Reached XP level 3. HP: 30/33 MP: 4/4
   822 | D:1      | Acquired the +9 giant spiked club of Eternal War {drain,
                  | Int+4}
   955 | D:2      | Identified the +10 trident "Isut Mok" {vorpal, Str+4
                  | Stlth+}
  1169 | D:2      | Reached XP level 4. HP: 41/41 MP: 5/5
  1293 | D:3      | Reached skill level 1 in Maces & Flails
  1325 | D:3      | Found a stormy altar of Qazlal.
  1471 | D:3      | Reached XP level 5. HP: 48/48 MP: 6/6
  1724 | D:3      | Reached skill level 2 in Maces & Flails
  1754 | D:3      | Noticed Ijyb
  1760 | D:3      | Killed Ijyb
  1780 | D:3      | Found a shimmering altar of Xom.
  1784 | D:3      | Found a shimmering altar of Xom.
  1786 | D:3      | Found a shimmering altar of Xom.
  1786 | D:3      | Found a shimmering altar of Xom.
  1787 | D:3      | Found a shimmering altar of Xom.
  1787 | D:3      | Found a shimmering altar of Xom.
  1807 | D:3      | Found Gepsocir's Assorted Antiques.
  1993 | D:3      | Learned a level 2 spell: Blink
  2053 | D:4      | Noticed an ogre
  2060 | D:4      | Killed an ogre
  2061 | D:4      | Reached skill level 3 in Maces & Flails
  2061 | D:4      | Reached XP level 6. HP: 36/55 MP: 8/8
  2166 | D:4      | Noticed an ice beast
  2170 | D:4      | Killed an ice beast
  2252 | D:4      | Reached skill level 4 in Maces & Flails
  2252 | D:4      | Reached XP level 7. HP: 62/62 MP: 9/9
  2727 | D:4      | Found a shimmering blue altar of Sif Muna.
  2796 | D:5      | Entered Level 5 of the Dungeon
  2845 | D:5      | Found a hazy altar of Hepliaklqana.
  2845 | D:5      | Found a large runed translucent door.
  2845 | D:5      | Found a large runed translucent door.
  2849 | D:5      | Noticed ryw's ghost (weakling GnDe)
  2871 | D:5      | Found a radiant altar of Vehumet.
  2876 | D:5      | Reached skill level 5 in Maces & Flails
  2895 | D:5      | Reached XP level 8. HP: 42/70 MP: 11/11
  3137 | D:5      | Reached skill level 6 in Maces & Flails
  3729 | D:6      | Found Xoniss's Antique Armour Emporium.
  3769 | D:6      | Found a staircase to the Ecumenical Temple.
  4055 | D:6      | Reached skill level 7 in Maces & Flails
  4055 | D:6      | Acquired 991 gold pieces
  4248 | D:7      | Reached skill level 5 in Translocations
  4248 | D:7      | Reached XP level 9. HP: 38/76 MP: 13/13
  4297 | Temple   | Entered the Ecumenical Temple
  4490 | Temple   | Became a worshipper of the Wu Jian Council
  4695 | D:7      | Found a large runed translucent door.
  4695 | D:7      | Found a large runed translucent door.
  4700 | D:7      | Found a shimmering altar of Xom.
  4891 | D:7      | Found an ancient bone altar of Kikubaaqudgha.
  4893 | D:7      | Found a bloodstained altar of Trog.
  4896 | D:7      | Noticed Dowan
  4899 | D:7      | Noticed Duvessa
  4904 | D:7      | Killed Duvessa
  4919 | D:7      | Killed Dowan
  5042 | D:7      | Reached skill level 8 in Maces & Flails
  5056 | D:7      | Found Nawa's Jewellery Boutique.
  5070 | D:7      | Bought the amulet "Wiroywk" {Reflect Drain rElec rPois
                  | Int+2 SH+5} for 608 gold pieces
  5122 | D:7      | Identified the +10 falchion "Tupaib" {elec, rPois rF- rCorr
                  | Str+3}
  5394 | D:7      | Identified the +12 rapier of the Shimmering Tiger {chaos,
                  | Will+ Str+2}
  5826 | D:8      | Reached * piety under Wu Jian
  5895 | D:8      | Found a white marble altar of Elyvilon.
  5985 | D:8      | Reached skill level 9 in Maces & Flails
  5988 | D:8      | Reached XP level 10. HP: 40/85 MP: 14/16
  6055 | D:8      | Found a glowing silver altar of Zin.
  6055 | D:8      | Noticed an angel
  6072 | D:8      | Noticed a two-headed ogre
  6080 | D:8      | Killed a two-headed ogre
  6087 | D:8      | Found a staircase to the Lair.
  6267 | D:6      | Bought a warped cloak for 209 gold pieces
  6267 | D:6      | Identified the -2 cloak "Zipn" {+Inv rN+ Int+4} (You bought
                  | it in a shop on level 6 of the Dungeon)
  6272 | D:6      | Bought a runed robe for 81 gold pieces
  6341 | D:8      | Got the Almanac of the Gathered Arsonist
  6379 | D:8      | Reached skill level 5 in Spellcasting
  6589 | D:8      | Found a runed translucent door.
  6602 | D:8      | Found a runed translucent door.
  6602 | D:8      | Noticed a gargoyle
  6626 | D:8      | Noticed a centaur warrior
  6626 | D:8      | Noticed a tengu warrior
  6626 | D:8      | Noticed an eight-headed hydra
  6626 | D:8      | Noticed a centaur warrior
  6626 | D:8      | Noticed a centaur warrior
  6745 | D:8      | Killed a centaur warrior
  6746 | D:8      | Reached skill level 10 in Maces & Flails
  6758 | D:8      | Killed a tengu warrior
  6792 | D:8      | Killed an eight-headed hydra
  6877 | D:8      | Killed a centaur warrior
  6877 | D:8      | Reached ** piety under Wu Jian
  6878 | D:8      | Reached XP level 11. HP: 71/92 MP: 18/18
  6946 | D:8      | Identified the +4 great sword of Lavyalas {vorpal, rElec
                  | rC- SInv}
  6967 | D:8      | Killed a centaur warrior
  6968 | D:8      | Reached skill level 11 in Maces & Flails
  7249 | D:9      | Found Ifofionn's General Store.
  7375 | D:9      | Noticed Erica
  7380 | D:9      | Killed Erica
  7535 | D:9      | Found Askuad's Armour Shoppe.
  7554 | D:9      | Found Xev Sosho's Antique Weapon Shoppe.
  7564 | D:9      | Noticed a two-headed ogre
  7570 | D:9      | Killed a two-headed ogre
  7622 | D:9      | Found Cymyem's Assorted Antiques.
  7671 | D:9      | Noticed Maggie
  7680 | D:9      | Killed Maggie
  7776 | D:9      | Found Epuceq's Book Boutique.
  8534 | D:9      | Learned a level 4 spell: Manifold Assault
  9015 | D:10     | Entered Level 10 of the Dungeon
  9017 | D:10     | Noticed a two-headed ogre
  9020 | D:10     | Killed a two-headed ogre
  9021 | D:10     | Reached skill level 12 in Maces & Flails
  9136 | D:10     | Noticed a sun demon
  9483 | D:10     | Found an iron altar of Okawaru.
  9576 | D:10     | Found a glowing golden altar of the Shining One.
  9892 | D:10     | Noticed an obsidian statue
  9892 | D:10     | Noticed a two-headed ogre
  9894 | D:10     | Killed a two-headed ogre
  9897 | D:10     | Noticed a sun demon
  9907 | D:10     | Killed an obsidian statue
  9907 | D:10     | Engulfed by a cloud of flame

Illustrated notes

Levels and vault maps discovered:
D:1:      lemuel_arrival_lava_pool, layout_basic
D:2:      cheibrodos_old_hovel, layout_loops_ring
D:3:      kennysheep_the_goblin_king, layout_loops_ring, xom_redecorated,
          nicolae_qazlal_general_emergency, serial_shops, shop,
          kennysheep_flooded_box
D:4:      layout_loops_ring, kennysheep_orc_sif_temple,
          hangedman_decor_peaks_small, hex_medium, minmay_strange_pillars,
          st_stairs_7, hangedman_decor_lopped
D:5:      layout_loops_ring, mainiacjoe_overflow_chevrons,
          mainiacjoe_overflow_boulevard, ebering_ghost_disaster_area
D:6:      layout_gridville, minmay_temple_entry_ruins, serial_shops,
          nicolae_shop_behind_doors, minmay_small_thing
D:7:      due_chaos_kobolds, layout_loops_corners,
          chequers_temple_overflow_statue_of_worship, serial_shops, shop,
          uniq_duvessa
D:8:      minmay_the_grid_triangle_9x9_rhombus_thin
          [minmay_the_grid_triangle_9x9_tough_junction,
          minmay_the_grid_triangle_9x9_prize_top_heavy,
          minmay_the_grid_triangle_9x9_impossible_snake,
          minmay_the_grid_triangle_9x9_sprig], layout_basic, elyvilon_altar_5,
          zin_angel
D:9:      cheibrodos_frozen_isle, layout_layer_cave, serial_shops,
          nicolae_shop_advertising_works [nicolae_subvault_shop_adworks],
          nicolae_shop_trees, shop, nicolae_shop_crystal, shop, uniq_maggie,
          uniq_erica
D:10:     layout_rooms, tso_metal_star, okawaru_trees_1, minivault_16
Temple:   chequers_temple_sunken

Skill      XL: |  1  2  3  4  5  6  7  8  9 10 11 |
---------------+----------------------------------+-----
Unarmed Combat | 3 |  3.1
Maces & Flails | 1 3 4 5 7 9 10 12 | 12.3
Spellcasting   | 2 3 4 5 6 |  6.3
Translocations | 3 4 5 6 7 |  7.9
Fighting       | |  1.5
Throwing       | |  0.8
Dodging        | |  1.9

Action                   |  1- 3 |  4- 6 |  7- 9 | 10-12 || total
-------------------------+-------+-------+-------+-------++-------
Melee: Unarmed           |    76 |       |       |       ||    76
       Giant spiked club |    21 |    85 |   264 |   208 ||   578
Throw: Boomerang         |     3 |       |       |     1 ||     4
 Cast: Blink             |       |     1 |       |     3 ||     4
       Manifold Assault  |       |       |       |    40 ||    40
Invok: Lunge             |       |       |     6 |     9 ||    15
       Whirlwind         |       |       |     1 |       ||     1
Evoke: Wand              |       |       |       |    10 ||    10
  Use: Scroll            |     2 |       |     1 |    19 ||    22
       Potion            |       |     1 |       |     5 ||     6
 Stab: Sleeping          |     8 |     3 |     7 |     2 ||    20
       Distracted        |       |     1 |       |       ||     1
       Invisible         |       |       |       |     1 ||     1
Armor: Robe              |    58 |    37 |   135 |    14 ||   244
       Steam dragon scal |       |       |       |    83 ||    83
Dodge: Dodged            |    54 |    87 |   273 |   133 ||   547
Block: Other             |       |       |    24 |    59 ||    83
       Reflection        |       |       |     3 |     6 ||     9

Table legend: (Time is in decaauts)
 A = Elapsed time spent in this place.
 B = Non-inter-level travel time spent in this place.
 C = Inter-level travel time spent in this place.
 D = Time resting spent in this place.
 E = Time spent auto-exploring this place.
 F = Levels seen in this place.
 G = Mean time per level.
                   A        B        C        D        E       F      G
               +--------+--------+--------+--------+--------+-----+--------+
         Total |  10150 |   9547 |    603 |    709 |   6942 |  11 |  922.7 |
       Dungeon |   9933 |   9352 |    581 |    709 |   6784 |  10 |  993.3 |
        Temple |    216 |    194 |     22 |      0 |    158 |   1 |  216.0 |
               +--------+--------+--------+--------+--------+-----+--------+

Top non-repeatable levels by time:
     D:9: 1906 daAuts
     D:8: 1390 daAuts
     D:7: 1366 daAuts
     D:3: 806 daAuts
     D:6: 804 daAuts
     D:5: 794 daAuts
     D:4: 792 daAuts
    D:10: 784 daAuts
     D:1: 680 daAuts
     D:2: 607 daAuts
  Temple: 216 daAuts
